Map: King's Cove LE

Players

PtitDrogo - Winner!

  • Race: Protoss Protoss
  • Spawn Location: 5:00

Ziggy

  • Race: Terran Terran
  • Spawn Location: 11:00

Event: 2019 WCS Spring

VOD

Have the link to the VOD?

Description

Time

  • Played on: May 17, 2019, 10:48 a.m.
  • Length: 5:24

All games in this series

Show
View Real Time Build Order
Export as new Build Order

PtitDrogo Protoss - Winner!

Build Orders: 1 Gate Expand 

Get SALT Encoding   

  12  0:00  Probe  
  13  0:13  Probe  
  14  0:18  Pylon  
  14  0:24  Probe  
  15  0:32  Probe  
  15  0:37  Gateway  
  15  0:40  Probe  
  16  0:46  Assimilator  
  17  0:51  Probe  
  18  1:03  Probe  
  19  1:15  Probe  
  20  1:23  Nexus  
  20  1:34  Cybernetics Core  
  20  1:37  Probe  
  21  1:43  Assimilator  
  21  1:49  Probe  
  21  1:53  Pylon  
  22  2:01  Probe  
  22  2:02  Stalker  
  23  2:13  Probe  
  26  2:18  Robotics Facility  
  26  2:22  Warp Gate  
  26  2:25  Probe  
  27  2:32  Probe  
  27  2:35  Stalker, Probe  
  30  2:40  Probe  
  30  2:43  Probe  
  31  2:50  Probe  
  33  2:53  Probe  
  35  3:01  Observer  
  35  3:02  Probe  
  35  3:05  Probe  
  37  3:07  Sentry  
  40  3:14  Gateway, Probe  
  40  3:17  Gateway, Probe  
  42  3:22  Pylon, Observer  
  42  3:24  Pylon  
  42  3:26  Probe  
  44  3:30  Probe  
  45  3:37  Probe  
  45  3:41  Assimilator  
  46  3:42  Probe  
  46  3:43  Assimilator, Observer  
  46  3:45  Probe  
  48  3:48  Pylon  
  48  3:53  Probe  
  48  3:54  Probe  
  51  4:05  Probe  
  51  4:06  Probe  
  53  4:12  Stalker x3  
  59  4:17  Probe  
  59  4:18  Probe  
  61  4:25  Pylon, Robotics Bay  
  61  4:26  Pylon  
  61  4:31  Shield Battery  
  62  4:33  Shield Battery  
  62  4:34  Immortal  
  61  4:45  Sentry  
  67  4:47  Stalker x2  
  67  4:52  Pylon  
  65  5:10  Stalker x3  
  67  5:22  Pylon  
Show
View Real Time Build Order
Export as new Build Order

Ziggy Terran 

Build Orders: 2 Factory, Gas First Reaper Expand 

Get SALT Encoding   

  12  0:00  SCV  
  13  0:12  SCV  
  14  0:17  Supply Depot  
  14  0:24  SCV  
  15  0:29  Refinery  
  15  0:39  SCV  
  16  0:45  Barracks  
  16  0:51  SCV  
  17  1:03  SCV  
  18  1:15  SCV  
  19  1:33  Orbital Command, Reaper  
  20  1:45  Command Center  
  20  1:56  Factory  
  20  2:00  SCV  
  21  2:06  Refinery  
  21  2:08  Barracks Reactor  
  21  2:12  SCV  
  22  2:20  Supply Depot  
  22  2:27  SCV  
  23  2:39  Factory  
  23  2:41  SCV  
  24  2:44  Widow Mine, Marine  
  24  2:47  Marine  
  28  2:53  SCV  
  29  2:59  Orbital Command  
  29  3:02  Marine  
  29  3:05  Marine  
  31  3:08  Factory Tech Lab  
  31  3:12  SCV  
  32  3:20  Marine  
  32  3:23  Marine, Factory Tech Lab  
  32  3:26  Cyclone  
  37  3:36  Supply Depot  
  37  3:39  Marine  
  37  3:41  Marine  
  39  3:43  Cyclone  
  39  3:47  SCV x2  
  44  3:59  Supply Depot, Cyclone  
  44  4:00  SCV  
  48  4:03  SCV  
  49  4:15  Cyclone  
  49  4:16  SCV x2  
  54  4:20  Marine x2  
  54  4:22  Supply Depot  
  56  4:31  Cyclone  
  59  4:37  SCV x2  
  61  4:38  Marine  
  61  4:44  Marine  
  63  4:47  Cyclone  
  66  4:54  Supply Depot  
Tags
 
Add a new tag
Caveats
  • Supply blocks, unpowered buildings, or Contaminate may cause inaccurate times.
  • Supply counts are checked every 10 seconds.